 Dungeon Crawl Stone Soup version 0.22-a0-618-gd6a3efe (webtiles) character file.

471 yoda5477 the Conjurer (level 6, -1/51 HPs)
             Began as a Draconian Conjurer on July 13, 2018.
             Slain by Pikel
             ... wielding a +1 whip of electrocution
              (11 damage)
             ... on level 3 of the Dungeon.
             The game lasted 00:32:51 (5230 turns).

yoda5477 the Conjurer (Draconian Conjurer)          Turns: 5230, Time: 00:32:51

Health: -1/51      AC:  6    Str: 10    XL:     6   Next: 83%
Magic:  5/12       EV: 12    Int: 18    God:
Gold:   169        SH:  0    Dex: 11    Spells: 6/13 levels left

rFire    . . .     SeeInvis .   y - +4 dagger
rCold    + . .     Gourm    .   (no shield)
rNeg     . . .     Faith    .   (armour unavailable)
rPois    .         Spirit   .   (helmet restricted)
rElec    .         Reflect  .   (no cloak)
rCorr    +         Harm     .   (no gloves)
MR       .....                  (no boots)
Stlth    ++........             (no amulet)
HPRegen  0.17/turn              n - ring of resist corrosion
MPRegen  0.13/turn              q - ring of protection from cold

@: no status effects
A: unfitting armour, cold-blooded, AC +6
a: no special abilities


You were on level 3 of the Dungeon.
You were hungry.

You visited 1 branch of the dungeon, and saw 5 of its levels.

You collected 169 gold pieces.

Inventory:

Hand Weapons
 a - a +0 spear
 f - a +0 dagger
 h - a +0 dagger
 o - a +1 hunting sling of flaming
 s - a +0 hand axe
 w - a +0 club
 y - a +4 dagger (weapon)
Jewellery
 m - an uncursed ring of stealth
 n - a ring of resist corrosion (left hand)
 q - a ring of protection from cold (right hand)
Scrolls
 c - a scroll of teleportation
 k - a scroll of amnesia
 r - a scroll of remove curse {unknown}
 t - 2 scrolls of identify
 u - a scroll of blinking {unknown}
 v - a scroll of fear {unknown}
 z - a scroll of enchant armour
 C - a scroll of magic mapping {unknown}
Potions
 d - a potion of invisibility {unknown}
 e - 2 potions of degeneration {unknown}
 g - a potion of agility {unknown}
 i - 4 potions of curing {unknown}
 j - a potion of ambrosia {unknown}
 l - 3 potions of heal wounds {unknown}
 p - a potion of lignification {unknown}
 x - 2 potions of mutation {unknown}
 A - a potion of might {unknown}
 D - a potion of brilliance {unknown}
Comestibles
 b - 5 rations


   Skills:
 * Level 3.2 Fighting
 * Level 0.7 Maces & Flails
 - Level 0.7 Polearms
 - Level 1.7 Dodging
 + Level 2.6 Stealth
 + Level 4.2 Spellcasting
 + Level 5.7 Conjurations


You had 6 spell levels left.
You knew the following spells:

 Your Spells              Type           Power        Failure   Level  Hunger
a - Magic Dart            Conj           ###.         1%          1    None
b - Searing Ray           Conj           ###...       1%          2    ##.....
c - Iskenderun's Mystic   Conj           ###.....     14%         4    ####...

Your spell library contained the following spells:

 Spells                   Type           Power        Failure   Level  Hunger
 Fulminant Prism          Conj/Hex       ##........   41%         4    ####...
 Dazzling Spray           Conj/Hex       ##....       13%         3    ###....
 Force Lance              Conj/Tloc      ##......     41%         4    ####...


Dungeon Overview and Level Annotations

Branches:
Dungeon (5/15)
 Temple: D:4-7

Altars:
Elyvilon
Hepliaklqana
Trog
Wu Jian

Shops:
D:4 }(

Annotations:
D:3 Pikel, Terence
D:4 exclusion: ogre, Edmund


Innate Abilities, Weirdness & Mutations

Your plain brown scales are hard. (AC +6)
You cannot fit into any form of body armour.
You are cold-blooded and may be slowed by cold attacks.


Message History

Pikel is lightly wounded. (Press . to maintain the ray.) Pikel hits you with a whip of electrocution.
You are electrocuted!
The searing ray hits Pikel.
Pikel is moderately wounded.
Pikel barely misses you.
The searing ray hits Pikel.
Pikel is moderately wounded.
Pikel hits you with a whip of electrocution.
* * * LOW HITPOINT WARNING * * *
The searing ray hits Pikel.
Pikel is heavily wounded.
You finish channeling your searing ray.
Pikel hits you with a whip of electrocution.
* * * LOW HITPOINT WARNING * * *
Pikel hits you with a whip of electrocution.
* * * LOW HITPOINT WARNING * * *
Pikel hits you with a whip of electrocution!
You die...

####'##...#.<<......#
#.###..##.##'#.###
#.#..........#.#
#.#.#.>.#.####.#
#.#.##..#..#...#
#.#.##..#.##.###
#.#.....#.....#
#.####.#####..#
#....#...K@...#
####.########.#
#.########.#
#..........#
############


You could see Pikel.

Vanquished Creatures
  An ogre (D:4)
  A water moccasin zombie (D:5)
  A howler monkey (D:5)
  A bullfrog skeleton (D:4)
  3 gnolls (D:4)
  12 adders
  A shadow imp (D:3)
  An adder skeleton (D:4)
  4 worms
  A dart slug (D:3)
  3 leopard geckos
  An orc (D:3)
  2 ball pythons
  5 giant cockroaches
  10 goblins
  5 hobgoblins
  16 jackals
  5 kobolds
  6 quokkas
  A ball python skeleton (D:4)
  6 bats
  A frilled lizard (D:2)
  A jackal skeleton (D:4)
  7 rats
95 creatures vanquished.

Notes
Turn   | Place    | Note
-------+----------+-------------------------------------------
     0 | D:1      | yoda5477 the Draconian Conjurer began the quest for the Orb.
     0 | D:1      | Reached XP level 1. HP: 14/14 MP: 3/3
   108 | D:1      | Reached XP level 2. HP: 22/22 MP: 0/5
   380 | D:1      | Reached skill level 1 in Fighting
   909 | D:2      | Reached XP level 3. HP: 28/28 MP: 3/6
  1167 | D:2      | Found an ornate altar of the Wu Jian Council.
  1356 | D:2      | Found a hazy altar of Hepliaklqana.
  1565 | D:2      | Reached XP level 4. HP: 34/35 MP: 2/8
  1626 | D:2      | Found a white marble altar of Elyvilon.
  1649 | D:2      | Learned a level 2 spell: Searing Ray
  2737 | D:3      | Reached XP level 5. HP: 41/41 MP: 5/10
  2977 | D:3      | Reached skill level 5 in Conjurations
  3176 | D:3      | Found a bloodstained altar of Trog.
  3381 | D:3      | Noticed Terence
  3467 | D:3      | Learned a level 4 spell: Iskenderun's Mystic Blast
  3521 | D:3      | Found a faded altar of an unknown god.
  3674 | D:4      | Found Xofac's Antique Weapon Boutique.
  3738 | D:4      | Noticed an ogre
  4011 | D:4      | Noticed an ogre
  4311 | D:4      | Noticed Edmund
  4386 | D:4      | Found Dyos's Gadget Boutique.
  4527 | D:4      | Reached XP level 6. HP: 49/50 MP: 7/11
  5043 | D:5      | Entered Level 5 of the Dungeon
  5158 | D:5      | Noticed a slave
  5158 | D:5      | Noticed Pikel
  5189 | D:5      | Noticed a slave
  5230 | D:3      | Slain by Pikel

Vault maps used:
D:1:      lemuel_arrival_river_bridge, minivault_5
D:2:      old_standard_altar, elyvilon_altar_5, old_standard_altar
D:3:      chequers_ecumenical_altar_simple_redux, bloody_trog, uniq_terence
D:4:      lemuel_doored_altar, serial_shops, shop_fountains, shop, uniq_edmund
D:5:      nicolae_dithmenos_through_a_glass_darkly, basic_altar, first_ration,
          uniq_pikel

Skill      XL: |  1  2  3  4  5  6 |
---------------+-------------------+-----
Fighting       | 1 2 3 |  3.2
Spellcasting   | 3 4 |  4.2
Stealth        | 2 |  2.6
Conjurations   | 5 |  5.7
Maces & Flails | |  0.7
Polearms       | |  0.7
Dodging        | |  1.7

Action                   |  1- 3 |  4- 6 || total
-------------------------+-------+-------++-------
Melee: Spear             |    42 |    16 ||    58
       Tailslap          |     2 |       ||     2
       Dagger            |       |     6 ||     6
 Cast: Magic Dart        |    72 |    62 ||   134
       Searing Ray       |       |    45 ||    45
  Use: Scroll            |     4 |     5 ||     9
  Eat: Chunk             |     3 |    12 ||    15
Armor: Skin              |    18 |    18 ||    36
Dodge: Dodged            |    33 |    71 ||   104

Table legend:
 A = Spawn XP
 B = Non-spawn XP
 C = Spawn XP percentage of total XP
 D = Spawn monster count
 E = Non-spawn monster count
 F = Spawn count percentage of total count
 G = Total turns spent on level
                    A         B        C        D         E        F      G
               +---------+---------+-------+---------+---------+-------+---------
         Total |       0 |     673 |   0.0 |       0 |      95 |   0.0 |  5230
               +---------+---------+-------+---------+---------+-------+---------
           D:1 |       0 |      39 |   0.0 |       0 |      22 |   0.0 |   904
           D:2 |       0 |     124 |   0.0 |       0 |      32 |   0.0 |  1535
           D:3 |       0 |     110 |   0.0 |       0 |      22 |   0.0 |  1210
           D:4 |       0 |     249 |   0.0 |       0 |      16 |   0.0 |  1462
           D:5 |       0 |     151 |   0.0 |       0 |       3 |   0.0 |   119
               +---------+---------+-------+---------+---------+-------+---------
